 Dungeon Crawl Stone Soup version 0.24.0-123-gd5b16e6ec5 (webtiles) character file.

Game seed: 7257570428937674797, levelgen mode: deterministic

305 FishyPogo the Ducker (level 6, -5/72 HPs)
             Began as a Demonspawn Gladiator on Dec 20, 2019.
             Was an Initiate of Okawaru.
             Slain by an ogre
             ... wielding a +0 giant club
              (8 damage)
             ... on level 4 of the Dungeon.
             The game lasted 00:09:50 (2350 turns).

FishyPogo the Ducker (Demonspawn Gladiator)         Turns: 2350, Time: 00:09:50

Health: -5/72      AC: 23    Str: 15    XL:     6   Next: 15%
Magic:  6/6        EV:  2    Int:  9    God:    Okawaru [......]
Gold:   153        SH:  0    Dex: 18    Spells: 5/5 levels left

rFire    + . .     SeeInvis .   a - +1 long sword
rCold    . . .     Gourm    .   (no shield)
rNeg     + + +     Faith    .   (armour currently unavailable)
rPois    +         Spirit   .   (helmet currently unavailable)
rElec    .         Reflect  .   (cloak currently unavailable)
rCorr    +         Harm     .   (gloves currently unavailable)
MR       .....     NoTele   +   (boots currently unavailable)
Stlth    +++.......             (no amulet)
HPRegen  0.22/turn              n - ring of resist corrosion
MPRegen  0.10/turn              w - ring of protection from fire

@: tree-form
A: thin skeletal structure 1
a: Renounce Religion


You were on level 4 of the Dungeon.
You worshipped Okawaru.
Okawaru was noncommittal.
You were not hungry.
You were a tree.
You visited 1 branch of the dungeon, and saw 5 of its levels.

You collected 153 gold pieces.

Inventory:

Hand Weapons
 a - a +1 long sword (weapon)
 k - a cursed -1 dagger
Missiles
 d - 3 throwing nets
 e - 93 stones (quivered)
 g - 2 boomerangs
Armour
 b - a +0 leather armour
 c - a +0 helmet
 s - a +2 leather armour of poison resistance (melded)
 v - a +0 pair of boots (melded)
 y - a +0 helmet (melded)
Jewellery
 n - a ring of resist corrosion (left branch)
 o - an uncursed ring of fire
 w - a ring of protection from fire (right branch)
Wands
 i - a wand of random effects (19)
Scrolls
 h - a scroll of remove curse
 q - 2 scrolls of identify
 r - 2 scrolls of amnesia
Potions
 j - 2 potions of flight
Comestibles
 f - 2 rations


   Skills:
 * Level 4.1 Fighting
 + Level 3.5 Long Blades
 - Level 2.0 Throwing
 * Level 4.3 Dodging
 + Level 1.5 Stealth


You had 5 spell levels left.
You didn't know any spells.
Your spell library was empty.

Dungeon Overview and Level Annotations

Branches:
Dungeon (5/15)
 Temple: D:4-7

Altars:
Elyvilon
Okawaru

Annotations:
D:3 Natasha
D:4 Dowan, Duvessa


Innate Abilities, Weirdness & Mutations

You have a somewhat thin skeletal structure. (Dex +2, Stealth)
((Your flesh is cold resistant. (rC+)))


Message History

The centaur skeleton hits you but does no damage.
Duvessa hits you but does no damage.
You hit Duvessa but do no damage.
Duvessa is lightly wounded.
Dowan gestures at you while chanting. The puff of flame hits you. You resist.
* * * LOW HITPOINT WARNING * * *
The centaur skeleton hits you but does no damage.
Duvessa hits you with a +0 short sword.
* * * LOW HITPOINT WARNING * * *
The ogre hits you with a +0 giant club!
* * * LOW HITPOINT WARNING * * *
Dowan hits you but does no damage.
The centaur skeleton hits you but does no damage.
You hit Duvessa but do no damage.
Duvessa is lightly wounded.
Duvessa hits you but does no damage. x2
The centaur skeleton hits you but does no damage.
The ogre hits you with a +0 giant club!
You die...

....... ......
....$.. ...?.
...... ....
..... ... #...
.. . #... .#
...
...#...#Z#.....
.%....e♣O......
...#...e.......
...............
...............
#..#..#..#....#
.. ...........#
. .#.....# ....
..#..#..# ...#


You could see Duvessa, an ogre, Dowan and a centaur skeleton.

Vanquished Creatures
  A centaur (D:5)
  A scorpion (D:5)
  A hound (D:4)
  An orc wizard (D:5)
  Ijyb (D:3)
  3 adders
  An ooze (D:2)
  A dart slug (D:3)
  A leopard gecko (D:1)
  5 orcs
  5 giant cockroaches
  8 goblins
  6 hobgoblins
  3 jackals (D:5)
  2 quokkas (D:3)
  6 bats
  5 frilled lizards
  A jackal skeleton (D:4)
  4 kobolds (D:1)
  5 rats
61 creatures vanquished.

Notes
Turn   | Place    | Note
-------+----------+-------------------------------------------
     0 | D:1      | FishyPogo the Demonspawn Gladiator began the quest for the
                  | Orb.
     0 | D:1      | Reached XP level 1. HP: 16/16 MP: 1/1
   131 | D:1      | Gained mutation: Your flesh is cold resistant. (rC+)
                  | [demonic ancestry]
   131 | D:1      | Reached XP level 2. HP: 14/22 MP: 2/2
   710 | D:2      | Reached XP level 3. HP: 23/28 MP: 3/3
  1181 | D:3      | Noticed Ijyb
  1209 | D:3      | Killed Ijyb
  1209 | D:3      | Gained mutation: You have a somewhat thin skeletal
                  | structure. (Dex +2, Stealth) [demonic ancestry]
  1209 | D:3      | Reached XP level 4. HP: 8/35 MP: 4/4
  1515 | D:3      | Found a white marble altar of Elyvilon.
  1638 | D:3      | Noticed Natasha
  1867 | D:5      | Entered Level 5 of the Dungeon
  1867 | D:5      | Noticed a phantom
  1901 | D:5      | Reached XP level 5. HP: 41/41 MP: 5/5
  1972 | D:5      | Found an iron altar of Okawaru.
  1977 | D:5      | Became a worshipper of Warmaster Okawaru
  2071 | D:5      | Noticed a centaur
  2081 | D:5      | Killed a centaur
  2081 | D:5      | Reached skill level 1 in Stealth
  2095 | D:5      | Reached XP level 6. HP: 13/48 MP: 6/6
  2336 | D:4      | Noticed Duvessa
  2336 | D:4      | Noticed Dowan
  2349 | D:4      | HP: 2/72 [ogre/+0 giant club (8)]
  2350 | D:4      | Slain by an ogre

Levels and vault maps discovered:
D:1:      dpeg_arrival_tiny_f, layout_loops_ring
D:2:      layout_basic, minmay_pentomino_w2
D:3:      layout_basic, elyvilon_altar_1, yredelemnul_forgotten_temple_becter,
          serial_co_window_serial, co_window_paths_b,
          co_window_of_opportunity_a, co_window_of_opportunity_a,
          co_window_corner_a, co_window_corner_a, co_window_of_opportunity_c,
          co_window_unsneaky_path_e, co_window_unsneaky_path_d,
          co_window_corner_b, co_window_paths_c, glass_columns_a, uniq_ijyb,
          uniq_natasha
D:4:      layout_basic, kennysheep_little_box, first_ration, uniq_duvessa
D:5:      minmay_angry_zag, layout_cave_pods, okawaru_trees_2

Skill      XL: |  1  2  3  4  5 |
---------------+----------------+-----
Throwing       | 2 |  2.0
Dodging        | 3 4 |  4.3
Long Blades    | 3 |  3.5
Fighting       | 3 4 |  4.1
Stealth        | 1 |  1.5

Action                   |  1- 3 |  4- 6 || total
-------------------------+-------+-------++-------
Melee: Long sword        |   117 |    96 ||   213
Throw: Stone             |     8 |       ||     8
  Use: Potion            |       |     8 ||     8
       Scroll            |       |     7 ||     7
 Stab: Sleeping          |       |     1 ||     1
  Eat: Chunk             |     1 |     4 ||     5
Armor: Leather armour    |    32 |    25 ||    57
       Skin              |       |    97 ||    97
Dodge: Dodged            |    78 |    69 ||   147
       Rpst.: Long sword |    16 |    23 ||    39
